 Dungeon Crawl Stone Soup version 0.30-a0-702-gdf48620a09 (webtiles) character file.

Game seed: 5339443176672677535

922 Alitron123 the Cudgeller (level 8, -2/73 HPs)
             Began as a Gargoyle Berserker on Jan 21, 2023.
             Was a Believer of Trog.
             Slain by an iguana (8 damage)
             ... on level 5 of the Dungeon.
             The game lasted 00:07:54 (4192 turns).

Alitron123 the Cudgeller (Gargoyle Berserker)       Turns: 4192, Time: 00:07:55

Health: -2/73      AC: 18    Str: 23      XL:     8   Next: 10%
Magic:  8/8        EV:  8    Int:  8      God:    Trog [**....]
Gold:   253        SH:  5    Dex:  8 (9)  Spells: 7/7 levels left

rFire   . . .      SeeInvis .    a - +0 mace
rCold   . . .      Faith    .    (no shield)
rNeg    + . .      Spirit   .    d - +0 chain mail
rPois   ∞          Reflect  +    (no helmet)
rElec   +          Harm     .    c - +0 cloak
rCorr   .          Rampage  .    j - +0 pair of gloves
Will    .....                    (no boots) Stlth
                                 g - amulet of reflection
HPRegen 0.32/turn                (no ring)
MPRegen 0.11/turn                (no ring)

@: berserking (expiring), very quick
A: sickness immunity, AC +5, negative energy resistance 1, electricity
resistance, torment resistance 1, petrification resistance
a: Renounce Religion, Berserk, Trog's Hand


You were on level 5 of the Dungeon.
You worshipped Trog.
Trog was pleased with you.
You visited 1 branch of the dungeon, and saw 7 of its levels.

You collected 253 gold pieces.

Inventory:

Hand Weapons
 a - a +0 mace (weapon)
Missiles
 i - 5 boomerangs
Armour
 c - a +0 cloak (worn)
 d - a +0 chain mail (worn)
 j - a +0 pair of gloves (worn)
Jewellery
 g - an amulet of reflection (around neck)
Wands
 l - a wand of digging (7)
 o - a wand of acid (14) (quivered)
Scrolls
 e - a scroll of teleportation
 f - a scroll of amnesia
 k - a scroll of blinking
 m - a scroll of enchant weapon {unknown}
 q - 2 scrolls of identify
 s - 3 scrolls of fear {unknown}
Potions
 b - a potion of mutation {unknown}
 h - a potion of brilliance {unknown}
 n - a potion of curing {unknown}
 p - a potion of degeneration {unknown}
 r - 2 potions of heal wounds {unknown}
 t - a potion of haste {unknown}


   Skills:
 + Level 5.2 Fighting
 + Level 6.3 Maces & Flails
 + Level 5.4 Armour
 + Level 2.4 Dodging
 + Level 0.7 Stealth
 + Level 2.8 Shields


You had 7 spell levels left.
You didn't know any spells.
Your spell library was empty.

Dungeon Overview and Level Annotations

Branches:
Dungeon (7/15)             Temple (0/1) D:4

Altars:
Ashenzari
Gozag
Kikubaaqudgha
Qazlal

Annotations:
D:6 Menkaure


Innate Abilities, Weirdness & Mutations

You are immune to sickness and miasma.
Your stone body is resilient. (AC +5)
You are immune to poison.
You resist negative energy. (rN+)
You are resistant to electric shocks. (rElec)
You are resistant to unholy torment.
You are immune to petrification.


Message History

The water moccasin is almost dead.
You block the water moccasin's attack. The iguana closely misses you.
The ice beast hits you but does no damage.
The iguana closely misses you.
You closely miss the water moccasin. Your punch misses the water moccasin.
The water moccasin is almost dead.
The water moccasin bites you but does no damage.
The orc hits you with a +0 short sword.
* * * LOW HITPOINT WARNING * * *
The iguana bites you but does no damage.
You barely miss the water moccasin.
The water moccasin is almost dead.
You block the iguana's attack.
The iguana bites you but does no damage.
The water moccasin bites you but does no damage.
The ice beast hits you but does no damage.
The iguana bites you but does no damage.
The orc hits you with a +0 short sword.
* * * LOW HITPOINT WARNING * * *
You sock the water moccasin!
You kill the water moccasin!
Trog accepts your kill. The iguana barely misses you. The iguana bites you.
* * * LOW HITPOINT WARNING * * *
You block the ice beast's attack. The iguana bites you.
* * * LOW HITPOINT WARNING * * *
The orc closely misses you.
You feel your dexterity returning.
You have reached level 8!
You feel stronger.
You sock the iguana!
The iguana is severely wounded.
The iguana bites you but does no damage.
You block the ice beast's attack. The iguana closely misses you.
You closely miss the iguana.
The iguana is severely wounded.
The iguana closely misses you. The orc completely misses you.
The iguana bites you but does no damage.
The iguana bites you!
You die...

###### ######
##.....##.....#
#.......l......
......†@o......
......llY......
...............
...............
...............
........<......
#..............
##.....##[..$..


You could see an ice beast, 3 iguanas and an orc.

Vanquished Creatures
  Sigmund (D:2)
  A water moccasin (D:5)
  2 bullfrogs
  2 scorpions
  2 quasits (D:4)
  2 hounds (D:5)
  Jessica (D:3)
  Ijyb (D:4)
  An orc wizard (D:3)
  4 gnolls (D:4)
  4 adders
  A shadow imp (D:4)
  5 white imps
  2 ufetubi (D:4)
  3 worms
  3 dart slugs
  5 orcs (D:3)
  An endoplasm (D:1)
  A giant cockroach (D:2)
  9 goblins
  7 hobgoblins
  4 jackals (D:2)
  8 kobolds
  3 quokkas
  7 ball pythons
  2 bats
  2 frilled lizards (D:2)
  10 rats
94 creatures vanquished.

Vanquished Creatures (others)
  3 demonic plants (D:4)
3 creatures vanquished.

Grand Total: 97 creatures vanquished

Notes
Turn   | Place    | Note
-------+----------+-------------------------------------------
     0 | D:1      | Alitron123 the Gargoyle Berserker began the quest for the
                  | Orb.
     0 | D:1      | Reached XP level 1. HP: 14/14 MP: 1/1
   186 | D:1      | Reached XP level 2. HP: 19/19 MP: 2/2
  1222 | D:2      | Reached XP level 3. HP: 10/23 MP: 3/3
  1395 | D:2      | Reached ** piety under Trog
  1510 | D:2      | Found a faded altar of an unknown god.
  1512 | D:2      | Noticed Sigmund
  1538 | D:2      | Killed Sigmund
  1539 | D:2      | Reached skill level 4 in Maces & Flails
  1539 | D:2      | Reached XP level 4. HP: 7/29 MP: 4/4
  1539 | D:2      | Reached XP level 5. HP: 8/33 MP: 5/5
  1962 | D:3      | Reached XP level 6. HP: 38/38 MP: 6/6
  2317 | D:3      | Noticed Jessica
  2325 | D:3      | Killed Jessica
  2751 | D:4      | Found a staircase to the Ecumenical Temple.
  2796 | D:4      | Reached skill level 1 in Shields
  2852 | D:4      | Reached skill level 5 in Maces & Flails
  3031 | D:4      | Reached XP level 7. HP: 32/44 MP: 7/7
  3044 | D:4      | HP: 1/44 [gnoll/+0 halberd (4)]
  3636 | D:4      | Noticed Ijyb
  3667 | D:4      | Killed Ijyb
  3949 | D:5      | Entered Level 5 of the Dungeon
  3975 | D:5      | Reached skill level 5 in Armour
  4011 | D:5      | Found a stormy altar of Qazlal.
  4024 | D:5      | Found a broken altar of Ashenzari.
  4027 | D:5      | Found an opulent altar of Gozag.
  4036 | D:5      | Reached skill level 5 in Fighting
  4059 | D:5      | Found an ancient bone altar of Kikubaaqudgha.
  4077 | D:5      | You fall into a shaft and drop 2 floors!
  4093 | D:7      | Reached skill level 6 in Maces & Flails
  4166 | D:6      | Noticed Menkaure
  4191 | D:5      | Reached XP level 8. HP: 6/49 MP: 8/8
  4192 | D:5      | Slain by an iguana

Illustrated notes

Levels and vault maps discovered:
D:1:      nzn_arrival_depleted_hourglass, layout_loops_corners,
          lemuel_flame_loot_1
D:2:      layout_basic, basic_ecumenical_altar, kennysheep_generic_room_2,
          uniq_sigmund
D:3:      layout_loops_ring, chequers_avenue, uniq_jessica
D:4:      layout_basic, minmay_temple_entry_grid, serial_demonic,
          serial_demonic_e, serial_demonic_g, serial_demonic_a,
          serial_demonic_b, uniq_ijyb
D:5:      layout_rooms, grunt_temple_overflow_cloverleaf, uniq_grinder
D:6:      layout_cave_pools, gammafunk_ghost_arena, serial_column_ruins,
          column_ruins_square_huge, column_ruins_square_small,
          column_ruins_grid_1, column_ruins_grid_1, column_ruins_open_tiny,
          column_ruins_grid_1, column_ruins_columns_straight, uniq_menkaure,
          uniq_blork_the_orc, uniq_eustachio
D:7:      kennysheep_seaside_town, layout_basic,
          mainiacjoe_overflow_six_doors_small, hangedman_decor_peaks_small

Skill      XL: |  1  2  3  4  5  6  7 |
---------------+----------------------+-----
Armour         | 3 4 5 |  5.4
Fighting       | 4 5 |  5.2
Maces & Flails | 4 5 6 |  6.3
Dodging        | 2 |  2.4
Shields        | 1 2 |  2.8
Stealth        | |  0.7

Action                   |  1- 3 |  4- 6 |  7- 9 || total
-------------------------+-------+-------+-------++-------
Melee: Mace              |   124 |   140 |   179 ||   443
       Punch             |       |     1 |     1 ||     2
Invok: Berserk           |     2 |     2 |     1 ||     5
       Trog's Hand       |       |       |     1 ||     1
  Use: Scroll            |     2 |     1 |     1 ||     4
       Potion            |       |       |     1 ||     1
Armor: Chain mail        |    75 |   133 |   169 ||   377
       Animal skin       |     5 |       |       ||     5
Dodge: Dodged            |    43 |    83 |   112 ||   238
Block: Other             |     8 |    55 |    63 ||   126
       Reflection        |       |     1 |     1 ||     2

Table legend: (Time is in decaauts)
 A = Elapsed time spent in this place.
 B = Non-inter-level travel time spent in this place.
 C = Inter-level travel time spent in this place.
 D = Time resting spent in this place.
 E = Time spent auto-exploring this place.
 F = Levels seen in this place.
 G = Mean time per level.
                   A        B        C        D        E       F      G
               +--------+--------+--------+--------+--------+-----+--------+
         Total |   4291 |   3969 |    322 |      0 |   3005 |   7 |  613.0 |
       Dungeon |   4291 |   3969 |    322 |      0 |   3005 |   7 |  613.0 |
               +--------+--------+--------+--------+--------+-----+--------+

Top non-repeatable levels by time:
     D:4: 1275 daAuts
     D:1: 1098 daAuts
     D:2: 896 daAuts
     D:3: 775 daAuts
     D:5: 146 daAuts
     D:7: 89 daAuts
     D:6: 9 daAuts
